 Dungeon Crawl Stone Soup version 0.32-a0-666-ge8a88695a4 (webtiles) character file.

Game seed: 4197777702252676553

11 Esekla the Sneak (level 2, 17/21 HPs)
             Began as an Octopode Delver on Mar 10, 2024.
             Quit the game on level 5 of the Dungeon.
             The game lasted 00:03:27 (203 turns).

Esekla the Sneak (Octopode Delver)                   Turns: 203, Time: 00:03:28

Health: 17/21      AC:  1    Str: 11    XL:     2   Next: 25%
Magic:  2/2        EV: 13    Int: 12    God:
Gold:   26         SH:  0    Dex: 13    Spells: 1/1 levels left

rFire   . . .        a - +0 falchion
rCold   . . .        (no shield)
rNeg    . . .        (helmet restricted)
rPois   .            (no amulet)
rElec   .            (no ring)
rCorr   .            (no ring)
SInv    .            (no ring)
Will    .....        (no ring)
Stlth   ++++         (no ring)
HPRegen 0.23/turn    (no ring)
MPRegen 0.08/turn    (no ring)
                     (no ring)

%: no passive effects
@: no status effects
A: almost no armour, amphibious, 8 rings, camouflage 1, gelatinous body 1,
(nimble swimmer 1), tentacles
a: no special abilities


You were on level 5 of the Dungeon.
You visited 2 branches of the dungeon, and saw 2 of its levels.

You collected 26 gold pieces.

Inventory:

Hand Weapons
 a - a +0 falchion (weapon)
 c - a +0 dagger
Wands
 f - a wand of digging (3)
Scrolls
 b - a scroll of fog
 g - a scroll of teleportation {unknown}
 i - 2 scrolls of revelation
Potions
 e - a potion of haste
 h - a potion of lignification {unknown}
 j - a potion of might {unknown}


   Skills:
 * Level 3.2 Fighting
 + Level 2.0 Long Blades
 * Level 2.1 Dodging
 + Level 6.9 Stealth
 * Level 0.3 Spellcasting


You had one spell level left.
You didn't know any spells.
Your spell library was empty.

Dungeon Overview and Level Annotations

Branches:
Dungeon (5/15)             Temple (1/1) D:5

Altars:
Ashenzari
Cheibriados
Fedhas
Hepliaklqana
Kikubaaqudgha
Makhleb
Qazlal
Ru
Trog
Vehumet
Wu Jian
Xom
Yredelemnul
Zin
The Shining One


Innate Abilities, Weirdness & Mutations

You cannot wear most types of armour.
You are amphibious.
You can wear up to eight rings at the same time.
Your skin changes colour to match your surroundings (Stealth+).
Your rubbery body absorbs attacks. (AC +1, EV +1)
((You are camouflaged when in or above water. (Stealth+)))
You have tentacles for arms and can constrict up to eight enemies at once.


Message History

You barely miss the orc. You grab the orc. You constrict the orc.
The orc misses you.
You slash the orc!
You kill the orc!
Found a robe.
Found 2 scrolls of revelation.
Found a lumpy white potion.
h - a bubbling white potion You see here a +0 robe.
i - 2 scrolls of revelation
j - a lumpy white potion You hear the slow rusting of a very distant drain.
Found 14 gold pieces.
You now have 26 gold pieces (gained 14).
The orc shouts!
The orc wizard shouts!
The orc wizard points at you and mumbles some strange words.
The magic dart hits you!
Ouch! That really hurt!
As you read the scroll of fear, it crumbles to dust.
You assume a fearsome visage.
The orc wizard looks frightened!
The orc looks frightened! x2
The orc wizard gestures wildly while chanting.
The orc wizard flickers and vanishes!
Deactivating autopickup; reactivate with Ctrl-A.
You see here a +0 short sword.
There is a staircase to the Ecumenical Temple here.
You climb downwards.
Welcome to the Ecumenical Temple!
Found a bloodstained altar of Trog and a basalt altar of Yredelemnul.
Found a staircase back to the Dungeon.
Reactivating autopickup.
There is a staircase back to the Dungeon here.
Search for what [? for help]?
Gozag Can't find anything matching that.
You climb upwards.
You hear the sound of rushing water.
There is an entrance to a sewer on this level.
Hurry and find it before the portal rusts away!
You hear the rusting of a drain nearby.
There is a staircase to the Ecumenical Temple here.
You aren't carrying any pieces of jewellery.
Are you sure you want to abandon this character and quit the game? (Confirm with "yes".)

.##.###....................#.####
#*#.# #............).......#.#
**###*#.......#######.#....#.####
~~~~~*#....................o...##
****~*#.......#####....###.#.#.##
~~~~~~#.##.########..........#.##
******#.##.####ßßß#....###.###...
~~~**~#.##...#ß...ß#..>###.....##
~*~~~~#.#.......@.ß#...#####.....
~*****#.......ß...ß#...#####.####
~~~~~~##......#ßßß#....#####.# *
*******#.......#####.#.#####.# *
,,,* ##.)...######.#.#####.# *
,*** ##...#######.#.#####.# ,*
##.##*#####.#.#####.# ,* #.***,**
#.#.# #.# ,* *,**,,,**#.#<# #.#


There were no monsters in sight!

Vanquished Creatures
  An adder (D:5)
  An orc (D:5)
2 creatures vanquished.

Notes
Turn   | Place    | Note
-------+----------+-------------------------------------------
     0 | D:5      | Esekla the Octopode Delver began the quest for the Orb.
     0 | D:5      | Reached XP level 1. HP: 16/16 MP: 1/1
     0 | D:5      | Found a staircase to the Ecumenical Temple.
    30 | D:5      | Reached XP level 2. HP: 6/21 MP: 2/2
   200 | Temple   | Entered the Ecumenical Temple
   203 | D:5      | Quit the game

Illustrated notes

Levels and vault maps discovered:
D:5:      layout_loops_ring, minmay_temple_entry_statues,
          lightli_sewer_entry_pipes
Temple:   nicolae_temple_superstar

Action                     || total
---------------------------++-------
  Melee: Falchion          ||     7
         Constrict         ||     2
    Use: Scroll            ||     2
 Armour: Skin              ||     5
  Dodge: Dodged            ||     3

Table legend: (Time is in decaauts)
 A = Elapsed time spent in this place.
 B = Non-inter-level travel time spent in this place.
 C = Inter-level travel time spent in this place.
 D = Time resting spent in this place.
 E = Time spent auto-exploring this place.
 F = Levels seen in this place.
 G = Mean time per level.
                   A        B        C        D        E       F      G
               +--------+--------+--------+--------+--------+-----+--------+
         Total |    203 |    203 |      0 |      0 |      0 |   2 |  101.5 |
       Dungeon |    201 |    201 |      0 |      0 |      0 |   1 |  201.0 |
        Temple |      1 |      1 |      0 |      0 |      0 |   1 |    1.0 |
               +--------+--------+--------+--------+--------+-----+--------+

Top non-repeatable levels by time:
     D:5: 201 daAuts
  Temple: 1 daAuts
